 Dungeon Crawl Stone Soup version 0.32-a0-834-geaf45d8e21 (webtiles) character file.

Game seed: 2953213899804337465

6030 ezpacito the Chopper (level 10, -19/79 HPs)
             Began as a Coglin Chaos Knight on Mar 26, 2024.
             Was a Plaything of Xom.
             Demolished by an orc warlord
             ... wielding a +4 broad axe
              (20 damage)
             ... in a bailey.
             The game lasted 00:12:41 (7586 turns).

ezpacito the Chopper (Coglin Chaos Knight)          Turns: 7586, Time: 00:12:41

Health: -19/79     AC: 13    Str: 13 (15) XL:     10   Next: 86%
Magic:  8/15       EV: 13    Int: 10 (12) God:    Xom [.....*]
Gold:   311        SH:  0    Dex: 15 (16) Spells: 7/16 levels left

rFire   . . .        i - +5 hand axe of the Incandescent {spect, Dex+3}
rCold   . . .        a - +0 hand axe (chaos) {Niklaus}
rNeg    . . .        g - +2 steam dragon scales
rPois   .            j - +1 helmet
rElec   +            B - +0 cloak
rCorr   .            (no gloves)
SInv    .            (no boots)
Will    .....        (amulet unavailable)
Stlth   ++           (ring unavailable)
HPRegen 0.33/turn    (ring unavailable)
MPRegen 0.14/turn    (no gizmo)

%: no passive effects
@: silenced, weak-willed, hasted, revving, very quick
A: off-hand wielding, slow wielding, warmup strikes, no jewellery, iridescent
scales 1, electricity resistance, weak 1, wild magic 1, inability to drink after
injury 2, inability to read after injury 1, MP-powered wands, persistent drain
a: Invent Gizmo, Renounce Religion


You were in a bailey.
You worshipped Xom.
You were Xom's teddy bear.
You visited 1 branch of the dungeon, and saw 8 of its levels.
You also visited: Ossuary and Bailey.

You collected 670 gold pieces.
You spent 359 gold pieces at shops.

Inventory:

Hand Weapons
 a - a +0 hand axe of chaos (offhand) {Niklaus}
 d - a +2 hand axe of electrocution {Gerda}
 i - the +5 hand axe of the Incandescent (weapon) {spect, Dex+3}
   (You found it on level 7 of the Dungeon)

   Dex+3:     It affects your dexterity (+3).
 m - a +0 broad axe
 n - a +1 rapier of chaos {Iseul}
 o - a +3 war axe
 u - a +4 hand axe of venom {Rubén}
 I - a +0 trident of venom
Missiles
 r - 12 boomerangs
 s - 11 poisoned darts (quivered)
 z - 2 atropa-tipped darts
 E - 4 javelins
 F - 2 curare-tipped darts
 H - 2 throwing nets
Armour
 g - +2 steam dragon scales (worn)
 j - a +1 helmet (worn)
 B - a +0 cloak (worn)
Magical Staves
 e - a staff of fire
 x - a staff of earth
Wands
 D - a wand of digging (3)
 G - a wand of flame (16)
Scrolls
 f - a scroll of poison
 k - a scroll of vulnerability
 p - 5 scrolls of noise
 v - a scroll of amnesia
 y - a scroll of revelation
Potions
 b - a potion of brilliance
 c - 2 potions of mutation
 h - a potion of haste


   Skills:
 * Level 7.1 Fighting
 * Level 7.2(7.8) Axes
 + Level 4.1(5.9) Polearms
 * Level 6.1 Armour
 * Level 5.9 Dodging
 + Level 4.1 Stealth
 + Level 3.7 Spellcasting
 + Level 5.8 Evocations


You had 7 spell levels left.
You knew the following spells:

 Your Spells              Type           Power      Damage    Failure   Level
a - Scorch                Fire           4%         2d5       45%         2
b - Fugue of the Fallen   Necr           2%         N/A       69%         3
c - Flame Wave            Conj/Fire      2%         2d4       97%         4

Your spell library contained the following spells:

 Spells                   Type           Power      Damage    Failure   Level
 Static Discharge         Conj/Air       4%         3-4/arc   45%         2
 Frozen Ramparts          Ice            4%         1d1       69%         3
 Ozocubu's Armour         Ice            2%         N/A       69%         3
 Airstrike                Air            1%         2d(1-17)  97%         4
 Cause Fear               Hex            1%         N/A       97%         4
 Manifold Assault         Tloc           2%         N/A       97%         4
 Summon Lightning Spire   Summ/Air       2%         N/A       97%         4
 Fireball                 Conj/Fire      1%         3d3       100%        5
 Metabolic Englaciation   Hex/Ice        1%         N/A       100%        5
 Summon Cactus Giant      Summ           1%         N/A       100%        6
 Dragon's Call            Summ           1%         N/A       100%        9


Dungeon Overview and Level Annotations

Branches:
Dungeon (8/15)             Temple (0/1) D:6         Ossuary (visited)
 Bailey (1/1)
   Lair: D:8-11

Altars:
Ashenzari
Dithmenos
Hepliaklqana
Sif Muna
Yredelemnul

Shops:
D:1 (   D:7 *(


Innate Abilities, Weirdness & Mutations

You can wield a second weapon in your off-hand.
It takes a long time for you to wield or remove held weapons.
Your first few attacks do less damage.
You cannot equip rings or amulets.
You are partially covered in iridescent scales. (AC +2)
You are resistant to electric shocks. (rElec)
You are weak. (Str -2)
Your spells are a little harder to cast, but a little more powerful.
You sometimes lose the ability to drink potions when taking damage.
You occasionally lose the ability to read scrolls when taking damage.
You expend magic power (3 MP) to strengthen your wands.
Your health recovers twice as slowly from being drained.


Message History

* * * LOW HITPOINT WARNING * * *
Xom roars with laughter!
A shower of butterflies erupts from you!
The orc warlord misses your +5 hand axe of the Incandescent {spect, Dex+3}.
Something completely misses your butterfly.
You take 19 damage, and have 1/79 hp.
MASSIVE DAMAGE!!
Okay, then.
You hit the orc warlord with your +0 hand axe of chaos.
You burn the orc warlord.
The orc warlord is moderately wounded.
You slash the orc warlord with the +5 hand axe of the Incandescent!
Your +5 hand axe of the Incandescent {spect, Dex+3} barely misses the orc warlord.
Your butterfly is engulfed in poison gas.
Your butterfly is poisoned.
You kill your butterfly!
Your butterfly disappears in a puff of smoke!
Your butterfly is engulfed in poison gas.
Your butterfly is poisoned.
You kill your butterfly!
Your butterfly disappears in a puff of smoke!
Your butterfly is engulfed in poison gas.
Your butterfly is poisoned.
You kill your butterfly!
Your butterfly disappears in a puff of smoke!
Your butterfly is poisoned.
Your butterfly is engulfed in poison gas.
Your butterfly is poisoned.
You kill your butterfly!
Your butterfly disappears in a puff of smoke!
You barely miss the orc warlord with your +0 hand axe of chaos.
The orc warlord is heavily wounded.
You hit the orc warlord with the +5 hand axe of the Incandescent.
Your +5 hand axe of the Incandescent {spect, Dex+3} hits the orc warlord but does no damage.
You kill your butterfly!
Your butterfly degenerates into a cloud of primal chaos!
The orc warlord is engulfed in poison gas.
The orc warlord looks as sick as possible!
The orc warlord hits you with a +4 broad axe!!
You die...
Xom titters!

.....###.........##
......#..)○○☼○○§§§#
......'..))§○☼§§○§#
⌠.....#...))§○○§§○#
......#.))o..§§○§§#
......#...o...☼§§§#
.....###.......☼§###
...###,###.....#o#○###
.### , ###.###@(§○○#**
## , ,,
,###§§§§§○☼☼§#* #, ,
,, , ,*#ß○§§○§§§○☼§ #
,, ,,#ߧ§§§§§o§○§* #,,
,, ,§§§☼§§○§○§○☼○* #,,
,, , ,§§#ߧ§§○○☼§○○§ #
, ,,§§##ß○○§§○§☼§§☼* #
, , §§ ##§§§☼○○○§☼#* *
, , **, * , ,


You could see an orc warlord (extremely poisoned, drained), an orc warrior
(weak-willed, reflecting) and a friendly +5 hand axe of the Incandescent {spect,
Dex+3}.

Vanquished Creatures
  A cyclops (D:6)
  Joseph (D:8)
  5 yaks (D:7)
  3 steam dragons
  Menkaure (D:7)
  A water moccasin (D:8)
  3 black bears
  2 ice beasts
  7 orc warriors (Bailey)
  2 sky beasts (D:7)
  4 ogres
  2 centaurs
  2 kobold brigands (D:7)
  A phantom (D:6)
  A weeping skull (Ossuary)
  2 bullfrogs
  2 scorpions (D:5)
  A burial acolyte (Ossuary)
  A howler monkey (D:6)
  A bombardier beetle (D:5)
  3 jellies
  A human zombie (Ossuary)
  An orc priest (D:4)
  A gnoll bouda (D:7)
  2 hounds
  3 iguanas
  Jessica (D:2)
  A sleepcap (D:5)
  4 orc wizards
  2 hound zombies (Ossuary)
  2 mummies (Ossuary)
  10 gnolls
  An adder (shapeshifter) (D:2)
  11 adders
  A shadow imp (D:7)
  A white imp (D:6)
  2 ufetubi (D:6)
  3 ribbon worms
  6 dart slugs
  26 orcs
  8 ball pythons
  10 endoplasms
  3 giant cockroaches
  14 goblins
  14 hobgoblins
  2 jackals (D:3)
  2 quokkas
  5 bats
  A frilled lizard (D:3)
  2 jackal zombies (D:5)
  10 kobolds
  4 rats
200 creatures vanquished.

Vanquished Creatures (collateral kills)
  A two-headed ogre (D:6)
  A yak (D:6)
  A human zombie (Ossuary)
  An adder (D:6)
  A quokka (D:2)
5 creatures vanquished.

Vanquished Creatures (others)
  A human zombie (Ossuary)
  An orc (Bailey)
  3 spectral weapons
5 creatures vanquished.

Grand Total: 210 creatures vanquished

Notes
Turn   | Place    | Note
-------+----------+-------------------------------------------
     0 | D:1      | ezpacito the Coglin Chaos Knight began the quest for the
                  | Orb.
     0 | D:1      | Reached XP level 1. HP: 18/18 MP: 1/1
    16 | D:1      | XOM: divination: detect creatures
    31 | D:1      | Reached skill level 1 in Dodging
    45 | D:1      | Reached XP level 2. HP: 17/24 MP: 2/2
   126 | D:1      | Found Viunim's Antique Weapon Emporium.
   175 | D:1      | XOM: divination: detect items
   215 | D:1      | XOM: divination: detect items
   348 | D:1      | Reached XP level 3. HP: 27/29 MP: 3/3
   412 | D:1      | XOM: give mutations
   412 | D:1      | Gained mutation: You occasionally lose the ability to drink
                  | potions when taking damage. [Xom's mischief]
   412 | D:1      | Gained mutation: You sometimes lose the ability to drink
                  | potions when taking damage. [Xom's mischief]
   412 | D:1      | Gained mutation: You have very sharp teeth. [Xom's
                  | mischief]
  1182 | D:2      | Reached XP level 4. HP: 34/35 MP: 4/4
  1310 | D:2      | Found a shadowy altar of Dithmenos.
  1338 | D:2      | Noticed Jessica
  1345 | D:2      | Killed Jessica
  1386 | D:2      | XOM: 5-stop teleportation journey
  1530 | D:2      | XOM: give mutations
  1530 | D:2      | Gained mutation: Your body sometimes deteriorates upon
                  | taking damage. [Xom's mischief]
  1530 | D:2      | Gained mutation: You are partially covered in large bone
                  | plates. (SH +4) [Xom's mischief]
  1568 | D:2      | XOM: summons 3 hostile demons
  1685 | D:2      | XOM: give mutations
  1685 | D:2      | Gained mutation: You are partially covered in iridescent
                  | scales. (AC +2) [Xom's mischief]
  1685 | D:2      | Gained mutation: You are weak. (Str -2) [Xom's mischief]
  1685 | D:2      | Lost mutation: You are partially covered in iridescent
                  | scales. (AC +2) [Xom's mischief]
  1907 | D:2      | an adder changed into a shapeshifter
  1907 | D:2      | Noticed a shapeshifter (shapeshifter)
  1907 | D:2      | XOM: polymorph adder -> shapeshifter
  1907 | D:2      | a shapeshifter changed into a swamp drake
  1907 | D:2      | Noticed a swamp drake (shapeshifter)
  1911 | D:2      | a swamp drake changed into an adder
  1947 | D:2      | XOM: give mutation
  1947 | D:2      | Gained mutation: You occasionally lose the ability to read
                  | scrolls when taking damage. [Xom's mischief]
  2172 | D:3      | Reached XP level 5. HP: 41/41 MP: 6/6
  2417 | D:3      | Learned a level 2 spell: Scorch
  2575 | D:4      | Reached skill level 1 in Polearms
  2675 | D:4      | Reached skill level 1 in Spellcasting
  2762 | D:4      | Found a broken altar of Ashenzari.
  2812 | D:4      | Reached skill level 1 in Stealth
  2843 | D:4      | XOM: give mutations
  2843 | D:4      | Lost mutation: You have very sharp teeth. [Xom's mischief]
  2843 | D:4      | Lost mutation: You are partially covered in large bone
                  | plates. (SH +4) [Xom's mischief]
  2843 | D:4      | Gained mutation: You have hidden genetic potential. [Xom's
                  | mischief]
  2843 | D:4      | Lost mutation: Your body sometimes deteriorates upon taking
                  | damage. [Xom's mischief]
  2848 | D:4      | Reached XP level 6. HP: 31/48 MP: 7/7
  2924 | D:4      | XOM: confusion (+ monsters)
  3098 | D:4      | XOM: summons 1 hostile demon
  3168 | D:4      | Reached skill level 1 in Evocations
  3312 | D:4      | Gained mutation: You are agile. (Dex +4, Str/Int -1)
                  | [hidden potential]
  3458 | D:4      | XOM: give mutations
  3458 | D:4      | Lost mutation: You are agile. (Dex +4, Str/Int -1) [Xom's
                  | mischief]
  3458 | D:4      | Gained mutation: You are partially covered in iridescent
                  | scales. (AC +2) [Xom's mischief]
  3458 | D:4      | Gained mutation: Your health recovers twice as slowly from
                  | being drained. [Xom's mischief]
  3458 | D:4      | Lost mutation: You have hidden genetic potential. [Xom's
                  | mischief]
  3477 | D:4      | XOM: fake destruction
  3635 | D:5      | Entered Level 5 of the Dungeon
  3650 | D:5      | Found a sand-covered staircase.
  3679 | D:5      | Reached XP level 7. HP: 37/54 MP: 9/9
  3733 | Ossuary  | Entered an ossuary
  3733 | Ossuary  | Found a huge runed translucent gate.
  3733 | Ossuary  | Found a huge runed translucent gate.
  3733 | Ossuary  | Found a huge runed translucent gate.
  3733 | Ossuary  | Found a huge runed translucent gate.
  3733 | Ossuary  | Found a huge runed translucent gate.
  3733 | Ossuary  | Found a huge runed translucent gate.
  3733 | Ossuary  | Found a huge runed translucent gate.
  3733 | Ossuary  | Found a huge runed translucent gate.
  3733 | Ossuary  | Found a huge runed translucent gate.
  3783 | Ossuary  | Found a huge runed translucent gate.
  3783 | Ossuary  | Found a huge runed translucent gate.
  3784 | Ossuary  | Found a huge runed translucent gate.
  3784 | Ossuary  | Found a huge runed translucent gate.
  3786 | Ossuary  | Found a huge runed translucent gate.
  3786 | Ossuary  | Found a huge runed translucent gate.
  3789 | Ossuary  | Found a huge runed translucent gate.
  3789 | Ossuary  | Found a huge runed translucent gate.
  3789 | Ossuary  | Found a huge runed translucent gate.
  3789 | Ossuary  | Found a huge runed translucent gate.
  3789 | Ossuary  | Found a huge runed translucent gate.
  3790 | Ossuary  | Found a huge runed translucent gate.
  3791 | Ossuary  | XOM: divine lightning
  3792 | Ossuary  | Found a huge runed translucent gate.
  3793 | Ossuary  | Found a huge runed translucent gate.
  3793 | Ossuary  | Found a huge runed translucent gate.
  3794 | Ossuary  | Found a huge runed translucent gate.
  3794 | Ossuary  | Found a huge runed translucent gate.
  3795 | Ossuary  | Found a huge runed translucent gate.
  3795 | Ossuary  | Found a huge runed translucent gate.
  3797 | Ossuary  | Found a huge runed translucent gate.
  3797 | Ossuary  | Found a huge runed translucent gate.
  3851 | Ossuary  | Found a huge runed translucent gate.
  3851 | Ossuary  | Found a huge runed translucent gate.
  3851 | Ossuary  | Found a huge runed translucent gate.
  3851 | Ossuary  | Found a huge runed translucent gate.
  3851 | Ossuary  | Found a huge runed translucent gate.
  3864 | Ossuary  | XOM: cleaving
  4131 | D:5      | XOM: fake destruction
  4138 | D:5      | Reached XP level 8. HP: 47/61 MP: 10/10
  4169 | D:5      | XOM: give mutations
  4169 | D:5      | Gained mutation: Your spells are a little harder to cast,
                  | but a little more powerful. [Xom's grace]
  4169 | D:5      | Gained mutation: You have hidden genetic potential. [Xom's
                  | grace]
  4236 | D:5      | XOM: silly message
  4421 | D:5      | Reached skill level 5 in Axes
  4721 | D:6      | Reached skill level 5 in Fighting
  4809 | D:6      | Found a staircase to the Ecumenical Temple.
  4865 | D:6      | XOM: swap monsters
  4867 | D:6      | XOM: stat loss: -1 Dex (12/13)
  4902 | D:6      | Noticed a shadow
  4903 | D:6      | Found a shadowy altar of Dithmenos.
  4904 | D:6      | Found a hazy altar of Hepliaklqana.
  5160 | D:6      | Learned a level 3 spell: Fugue of the Fallen
  5165 | D:6      | Learned a level 4 spell: Flame Wave
  5231 | D:6      | Reached XP level 9. HP: 68/68 MP: 12/12
  5240 | D:6      | Gained mutation: You are resistant to electric shocks.
                  | (rElec) [hidden potential]
  5257 | D:6      | Noticed a cyclops
  5265 | D:6      | Noticed a two-headed ogre
  5268 | D:6      | Killed a cyclops
  5274 | D:6      | Killed a two-headed ogre
  5355 | D:7      | Found Yvoforo's Weapon Shop.
  5362 | D:7      | Bought 2 curare-tipped darts for 26 gold pieces
  5384 | D:7      | Reached skill level 5 in Armour
  5386 | D:7      | XOM: chaos upgrade
  5536 | D:1      | Bought a trident for 101 gold pieces
  5689 | D:7      | Noticed Menkaure
  5694 | D:7      | XOM: butterfly on damage
  5697 | D:7      | Killed Menkaure
  5698 | D:7      | Reached skill level 5 in Dodging
  5802 | D:7      | XOM: stat loss: -1 Str (14/15)
  5879 | D:7      | Reached XP level 10. HP: 59/76 MP: 14/14
  5892 | D:7      | Gained mutation: You expend magic power (3 MP) to
                  | strengthen your wands. [hidden potential]
  5892 | D:7      | Lost mutation: You have hidden genetic potential. [hidden
                  | potential expressed]
  6012 | D:7      | XOM: silly message
  6017 | D:7      | Reached skill level 5 in Evocations
  6108 | D:7      | Found Hiock's Assorted Antiques.
  6149 | D:7      | XOM: enchant monster (bad)
  6315 | D:7      | Bought a scroll labelled GIHUAX REHA for 28 gold pieces
  6315 | D:7      | Bought a scroll labelled AMPIME JOBEIDGH for 28 gold pieces
  6315 | D:7      | Bought a scroll labelled SUKHEPSIE for 28 gold pieces
  6315 | D:7      | Bought 2 fizzy blue potions for 50 gold pieces
  6315 | D:7      | Bought a war axe for 98 gold pieces
  6330 | D:7      | XOM: torment (40/77 hp)
  6454 | D:7      | Found a shimmering blue altar of Sif Muna.
  6527 | D:7      | Found a basalt altar of Yredelemnul.
  6593 | D:7      | Identified the +5 hand axe of the Incandescent {spect,
                  | Dex+3}
  6875 | D:7      | XOM: divination: detect items
  7026 | D:8      | Noticed Joseph
  7039 | D:8      | Killed Joseph
  7088 | D:8      | XOM: divination: detect creatures
  7119 | D:8      | Found a flagged portal.
  7135 | Bailey   | Entered a bailey
  7193 | Bailey   | XOM: enchant monster (good)
  7396 | Bailey   | XOM: noise
  7405 | Bailey   | Noticed an orc warlord
  7419 | Bailey   | XOM: divination: magic mapping
  7422 | Bailey   | XOM: cast spell 'Animate Armour'
  7449 | Bailey   | XOM: cast spell 'Iskenderun's Battlesphere'
  7464 | Bailey   | XOM: enchant monster (good)
  7541 | Bailey   | Identified the amulet of Ruzxolai {Reflect rN+ MP+9 SH+5}
  7562 | Bailey   | XOM: silly message
  7584 | Bailey   | HP: 1/79 [orc warlord/+4 broad axe (19)]
  7584 | Bailey   | XOM: butterfly on damage
  7586 | Bailey   | Demolished by an orc warlord

Illustrated notes

Levels and vault maps discovered:
D:1:      ncdulo_wetmaze, layout_basic, serial_forest,
          infiniplex_forest_lined_3, infiniplex_forest_clump_long,
          infiniplex_forest_end_double, infiniplex_forest_side_room,
          serial_shops, nicolae_square_shop, serial_park_tiny_1,
          ebering_dispersal_statue_hall
D:2:      layout_basic, basic_altar, serial_bayou_crossing, uniq_jessica
D:3:      layout_rooms
D:4:      layout_basic, ashenzari_altar_1
D:5:      layout_rooms, enter_ossuary_3
D:6:      minmay_cornered_nines, layout_basic,
          riverfiend_overflow_shadow_ancestor, minmay_temple_entry_sparse_star
D:7:      layout_rooms, yredelemnul_altar_generic, kennysheep_little_box,
          serial_shops, shop, nicolae_shop_stone, nicolae_hexahallways,
          uniq_menkaure
D:8:      layout_cave_pods, special_room [special_room_kobold], enter_bailey_4,
          uniq_maggie, uniq_psyche, uniq_joseph
Bailey:   bailey_axe_minmay_hex_keep, bailey

Skill      XL: |  1  2  3  4  5  6  7  8  9 10 |
---------------+-------------------------------+-----
Dodging        | 1 2 3 4 5 |  5.9
Armour         | 2 3 4 5 6 |  6.1
Polearms       | 1 2 3 4 |  4.1
Spellcasting   | 1 2 3 |  3.7
Stealth        | 1 2 3 4 |  4.1
Axes           | 4 5 6 7 |  7.2
Evocations     | 1 2 3 4 5 |  5.8
Fighting       | 4 5 6 7 |  7.1

Action                     |  1- 3 |  4- 6 |  7- 9 | 10-12 || total
---------------------------+-------+-------+-------+-------++-------
  Melee: Hand axe          |    82 |   152 |   285 |   253 ||   772
         Dagger            |    75 |    62 |       |       ||   137
         Bite              |     9 |    11 |       |       ||    20
         Rapier            |       |    85 |    11 |       ||    96
  Throw: Dart              |       |       |       |     3 ||     3
  Evoke: Wand              |       |       |       |    13 ||    13
    Use: Potion            |       |     5 |     4 |     8 ||    17
         Scroll            |       |     2 |     5 |    13 ||    20
   Stab: Paralysed         |     2 |       |     3 |       ||     5
         Sleeping          |     1 |     2 |       |     2 ||     5
         Petrifying        |       |     1 |       |       ||     1
         Petrified         |       |       |     6 |       ||     6
         Held in net/web   |       |       |     1 |       ||     1
         Distracted        |       |       |     1 |     2 ||     3
         Confused          |       |       |       |     5 ||     5
 Armour: Leather armour    |    50 |    67 |       |       ||   117
         Chain mail        |       |   106 |   138 |       ||   244
         Steam dragon scal |       |       |     4 |    82 ||    86
  Dodge: Dodged            |    42 |    94 |    62 |    69 ||   267
  Block: Other             |       |     8 |       |       ||     8

Table legend: (Time is in decaauts)
 A = Elapsed time spent in this place.
 B = Non-inter-level travel time spent in this place.
 C = Inter-level travel time spent in this place.
 D = Time resting spent in this place.
 E = Time spent auto-exploring this place.
 F = Levels seen in this place.
 G = Mean time per level.
                   A        B        C        D        E       F      G
               +--------+--------+--------+--------+--------+-----+--------+
         Total |   7607 |   7114 |    493 |    456 |   5122 |  10 |  760.7 |
       Dungeon |   6884 |   6391 |    493 |    213 |   4861 |   8 |  860.5 |
       Ossuary |    298 |    298 |      0 |     30 |    212 |   1 |  298.0 |
        Bailey |    424 |    424 |      0 |    213 |     49 |   1 |  424.0 |
               +--------+--------+--------+--------+--------+-----+--------+

Top non-repeatable levels by time:
     D:7: 1427 daAuts
     D:2: 1224 daAuts
     D:4: 1099 daAuts
     D:1: 1023 daAuts
     D:6: 773 daAuts
     D:5: 740 daAuts
     D:3: 471 daAuts
  Bailey: 424 daAuts
 Ossuary: 298 daAuts
     D:8: 124 daAuts
